[Event "*** Titled Tuesday Blitz"]
[Site "Chess.com"]
[Date "2020.05.05"]
[Round "10"]
[White "TerorPtica"]
[Black "Artem_Sadovsky"]
[Result "0-1"]
[WhiteElo "2739"]
[BlackElo "2565"]
[TimeControl "180+1"]
[EndTime "11:54:54 PDT"]
[Termination "Artem_Sadovsky won by resignation"]

1. d4 g6 2. e4 Bg7 3. c4 d6 4. Nc3 e5 5. Nf3 Nc6 6. dxe5 dxe5 7. Bg5 f6 8. Qxd8+ Nxd8 9. Be3 c6 10. O-O-O Bh6 11.
c5 Ne6 12. Na4 Bxe3+ 13. fxe3 Nh6 14. Bc4 Ng4 15. Rhe1 Nf2 16. Rd6 Ke7 17. Nd2 Nxc5 0-1

[Event "*** Titled Tuesday Blitz"]
[Site "Chess.com"]
[Date "2020.05.05"]
[Round "10"]
[White "MaxVavulin"]
[Black "chito89"]
[Result "1-0"]
[WhiteElo "2633"]
[BlackElo "2782"]
[TimeControl "180+1"]
[EndTime "11:54:59 PDT"]
[Termination "MaxVavulin won by resignation"]

1. e4 c5 2. Nf3 e6 3. b3 Nc6 4.
Bb2 a6 5. c4 d5 6. exd5 exd5 7. cxd5 Qxd5 8. Nc3 Qh5 9. Be2 Nf6 10.
Nd4 Qg6 11. Nxc6 bxc6 12. Bf3 Bd7 13. O-O Bd6 14. Re1+ Kf8 15. d4 h5 16. dxc5 Bxc5 17.
Na4 1-0

[Event "*** Titled Tuesday Blitz"]
[Site "Chess.com"]
[Date "2020.05.05"]
[Round "10"]
[White "alexsergeyev"]
[Black "Winehouse83"]
[Result "1-0"]
[WhiteElo "2404"]
[BlackElo "2496"]
[TimeControl "180+1"]
[EndTime "11:55:06 PDT"]
[Termination "alexsergeyev won by resignation"]

1. c4 c5 2. Nc3 Nc6 3. Nf3 e5 4. e3 f5 5. d4 e4 6. Nd2 cxd4 7.
exd4 Nf6 8. Nb3 d5 9. Bg5 Be6 10. cxd5 Bxd5 11. Rc1 Bb4 12. Bb5 O-O 13. O-O Be7 14.
Bxf6 Bxb3 15. Qxb3+ 1-0

[Event "*** Titled Tuesday Blitz"]
[Site "Chess.com"]
[Date "2020.05.05"]
[Round "10"]
[White "InitiatingASC"]
[Black "NotFischer"]
[Result "0-1"]
[WhiteElo "2291"]
[BlackElo "2170"]
[TimeControl "180+1"]
[EndTime "11:55:09 PDT"]
[Termination "NotFischer won by resignation"]

1. Nf3 Nf6 2. g3 d5 3. Bg2 e6 4. O-O Be7 5. c4 O-O 6. b3 c6 7.
Bb2 Nbd7 8. d3 b6 9. Nbd2 Bb7 10. e4 dxe4 11. dxe4 Nc5 12. Qe2 Nd3 13. Bc3 Bb4 14.
Bxb4 Nxb4 15. Rfd1 Qe7 16. Nf1 c5 17. e5 Nd7 18.
N3d2 Bxg2 19. Kxg2 Nc2 20. Rab1 Nd4 21. Qe4 Rad8 22.
Nf3 Nxf3 23. Kxf3 f6 24. exf6 Qxf6+ 25. Qf4 Qc3+ 0-1

[Event "*** Titled Tuesday Blitz"]
[Site "Chess.com"]
[Date "2020.05.05"]
[Round "10"]
[White "awesomevishesh"]
[Black "Jaka_Brilej"]
[Result "1-0"]
[WhiteElo "2477"]
[BlackElo "2372"]
[TimeControl "180+1"]
[EndTime "11:55:17 PDT"]
[Termination "awesomevishesh won by resignation"]

1. d4 f5 2. Nf3 Nf6 3. g3 g6 4.
Bg2 Bg7 5. O-O O-O 6. b3 Ne4 7. Bb2 d5 8. e3 Be6 9. Ne1 Nd7 10.
Nd3 c6 11. Nd2 a5 12. a4 Qe8 13. f3 Nd6 14. Rc1 Qf7 15. Qe2 Rac8 16. Ne5 Nxe5 17. dxe5 Ne8 18. f4 Nc7 19. Nf3 Na6 20. Ng5 Qe8 21.
Nxe6 Rf7 22. Nxg7 Rxg7 23. e6 1-0

[Event "*** Titled Tuesday Blitz"]
[Site "Chess.com"]
[Date "2020.05.05"]
[Round "10"]
[White "boasovietica"]
[Black "MightyGMpretender"]
[Result "0-1"]
[WhiteElo "2456"]
[BlackElo "2582"]
[TimeControl "180+1"]
[EndTime "11:55:25 PDT"]
[Termination "MightyGMpretender won by resignation"]

1. e4 c5 2. Nf3 d6 3. d4 cxd4 4. Nxd4 Nf6 5. Nc3 a6 6. Be3 e5 7. Nf3 Be7 8. Nd2 Be6 9. Nc4 O-O 10. Nb6 Nbd7 11. Nxa8 Qxa8 12. Be2 b5 13. a3 Nxe4 14.
Nxe4 Qxe4 15. O-O Rc8 16. Bd3 Qh4 17. Qf3 d5 18. Qg3 Qxg3 19. hxg3 e4 20. Be2 Rxc2 21. Rfe1 Rxb2 22. Bd4 Rd2 23. Rad1 Rxd1 24. Rxd1 Bxa3 25. Ra1 Bc5 26. Bxc5 Nxc5 27. Rc1 Nb3 28. Rc6 Nd4 29.
Rxa6 Nxe2+ 30. Kf1 Nxg3+ 31. fxg3 g6 32. Rb6 d4 33.
Rxb5 Bc4+ 0-1

[Event "*** Titled Tuesday Blitz"]
[Site "Chess.com"]
[Date "2020.05.05"]
[Round "10"]
[White "Akhayan"]
[Black "EddieMarsalla"]
[Result "0-1"]
[WhiteElo "2335"]
[BlackElo "2525"]
[TimeControl "180+1"]
[EndTime "11:55:28 PDT"]
[Termination "EddieMarsalla won by resignation"]

1. d4 d5 2. Nf3 Bf5 3. g3 e6 4. Bg2 Nf6 5. O-O Bd6 6. c4 c6 7. Qb3 Qc8 8. Bf4 Bxf4 9. gxf4 Nbd7 10. e3 h6 11. c5 g5 12. fxg5 hxg5 13. Nbd2 Qc7 14.
Qc3 Ng4 15. h3 Ngf6 16. e4 dxe4 17. Ne5 Nxe5 18. dxe5 Nd5 19. Qg3 Nf4 20. Nxe4 Ne2+ 0-1

[Event "*** Titled Tuesday Blitz"]
[Site "Chess.com"]
[Date "2020.05.05"]
[Round "10"]
[White "HanSchut"]
[Black "mamonika"]
[Result "1-0"]
[WhiteElo "2224"]
[BlackElo "1989"]
[TimeControl "180+1"]
[EndTime "11:55:28 PDT"]
[Termination "HanSchut won by resignation"]

1. e4 c5 2. Nf3 e6 3. c4 Nc6 4. Nc3 d6 5. d4 cxd4 6. Nxd4 Nf6 7.
Be3 Ke7 8. Be2 g6 9. Qd2 Bg7 10. O-O Re8 11. Nxc6+ bxc6 12. e5 Ng8 13. exd6+ Qxd6 14. Qc2 e5 15. Ne4 Qe6 16. Bc5+ Kd8 17. Rfd1+ Kc7 18.
Bd6+ Kb7 19. Qb3+ 1-0

[Event "*** Titled Tuesday Blitz"]
[Site "Chess.com"]
[Date "2020.05.05"]
[Round "10"]
[White "Shoytan"]
[Black "Igor_Lysyj"]
[Result "0-1"]
[WhiteElo "2607"]
[BlackElo "2783"]
[TimeControl "180+1"]
[EndTime "11:55:34 PDT"]
[Termination "Igor_Lysyj won by resignation"]

1. e4 e5 2. Nf3 Nc6 3. Bb5 a6 4. Ba4 Nf6 5. O-O Bc5 6. Nc3 O-O 7. Nd5 d6 8. d4 Nxd4 9. Nxd4 Nxd5 10. Nf3 Nf4 11.
Bxf4 exf4 12. Bb3 Qf6 13. c3 Bg4 14. Qd3 Rae8 15. Rfe1 Re7 16. Nd4 Rfe8 17. f3 Bd7 18.
Kh1 g6 19. Rad1 Kg7 20. Bc2 Re5 21. b4 Bb6 22. Bb3 Rh5 23. Qc4 Re7 0-1

[Event "*** Titled Tuesday Blitz"]
[Site "Chess.com"]
[Date "2020.05.05"]
[Round "10"]
[White "eightbyeightchess"]
[Black "VNeimer"]
[Result "1-0"]
[WhiteElo "2416"]
[BlackElo "2493"]
[TimeControl "180+1"]
[EndTime "11:55:37 PDT"]
[Termination "eightbyeightchess won by resignation"]

1. e4 c5 2. Nf3 Nc6 3. d4 cxd4 4. Nxd4 g6 5. Nc3 Bg7 6. Be3 Nf6 7. Be2 d5 8. exd5 Nxd5 9. Nxc6 bxc6 10. Nxd5 cxd5 11. O-O O-O 12. c3 a5 13. Bf3 e6 14. a4 Ba6 15.
Re1 Rb8 16. Qd2 Qc8 17. h4 h5 18. Bh6 Rxb2 19. Qxb2 Bxh6 20. Qb6 Bd2 21. Red1 Bxc3 22. Rac1 d4 23. Be4 Rd8 24. Rxc3 1-0

[Event "*** Titled Tuesday Blitz"]
[Site "Chess.com"]
[Date "2020.05.05"]
[Round "10"]
[White "BabyBoss31"]
[Black "MathiasWomacka"]
[Result "1-0"]
[WhiteElo "2313"]
[BlackElo "2427"]
[TimeControl "180+1"]
[EndTime "11:55:40 PDT"]
[Termination "BabyBoss31 won by resignation"]

1. d4 Nf6 2. c4 e6 3. Nf3 Bb4+ 4. Bd2 Qe7 5. g3 Bxd2+ 6. Qxd2 Nc6 7. Nc3 d5 8. cxd5 exd5 9. Bg2 Bg4 10. O-O O-O-O 11. Rac1 h5 12. e3 h4 13. Nxh4 Qe6 14. Na4 Bh3 15.
Nc5 Qg4 16. f3 Qg5 17. Bxh3+ Kb8 18. f4 Qh5 19. Qd1 Qh7 20. Qb3 Na5 21. Qb5 b6 22. Na6+ 1-0

[Event "*** Titled Tuesday Blitz"]
[Site "Chess.com"]
[Date "2020.05.05"]
[Round "10"]
[White "KaterinaMiroshnik"]
[Black "LivajaM"]
[Result "1-0"]
[WhiteElo "2456"]
[BlackElo "2285"]
[TimeControl "180+1"]
[EndTime "11:55:54 PDT"]
[Termination "KaterinaMiroshnik won by resignation"]

1. d3 Nf6 2. Nd2 d5 3. Ngf3 g6 4. e4 dxe4 5. dxe4 Bg7 6. Be2 O-O 7. O-O c6 8. c3 Qc7 9. Qc2 Nbd7 10. Re1 e5 11. Nf1 h6 12. Be3 Nh5 13. Ng3 Nf4 14. Bf1 h5 15. Bxf4 exf4 16. Ne2 Ne5 17. Nxe5 Bxe5 18. f3 Be6 19. b3 Rad8 20. Rad1 b5 21. Kh1 h4 22. Nd4 Bc8 23. h3 a5 24. Qf2 g5 25.
Nf5 Bxc3 26. Rxd8 Rxd8 27. Rc1 Bxf5 28. Rxc3 Be6 29. Rc5 f6 30. Bxb5 Rd1+ 31. Kh2 Qb6 32.
Rxg5+ 1-0

[Event "*** Titled Tuesday Blitz"]
[Site "Chess.com"]
[Date "2020.05.05"]
[Round "10"]
[White "GMartin_Petrov"]
[Black "heartofatiger"]
[Result "1-0"]
[WhiteElo "2610"]
[BlackElo "2453"]
[TimeControl "180+1"]
[EndTime "11:55:59 PDT"]
[Termination "GMartin_Petrov won by resignation"]

1. e4 Nf6 2. e5 Nd5 3. d4 d6 4.
c4 Nb6 5. f4 g6 6. Nc3 Bg7 7. Be3 O-O 8. Be2 Be6 9. b3 dxe5 10.
dxe5 Nc6 11. Nf3 f6 12. O-O Qxd1 13. Raxd1 fxe5 14. Ng5 Bf5 15. Nb5 exf4 16. Bxf4 e5 17. Be3 h6 18. Nf3 Rf7 19. c5 Nc8 20. Bc4 a6 21. Nxc7 Rb8 22. Nh4 1-0

[Event "*** Titled Tuesday Blitz"]
[Site "Chess.com"]
[Date "2020.05.05"]
[Round "10"]
[White "GoValya"]
[Black "canary2016"]
[Result "1-0"]
[WhiteElo "2166"]
[BlackElo "1917"]
[TimeControl "180+1"]
[EndTime "11:56:14 PDT"]
[Termination "GoValya won by checkmate"]

1. d4 d5 2. Nf3 Nf6 3. g3 c6 4.
Bg2 Bf5 5. O-O e6 6. c4 Be7 7.
Nc3 O-O 8. Nd2 Nbd7 9. e4 dxe4 10. Ndxe4 Nxe4 11. Nxe4 Nf6 12. Nc3 Qd7 13. h3 Rad8 14. Be3 Rfe8 15. Qa4 b6 16. Bxc6 Qc7 17. Bxe8 Bxh3 18. Bc6 Bxf1 19. Rxf1 Bd6 20. Bg2 Ng4 21.
Nb5 Qb8 22. Qxa7 Qxa7 23. Nxa7 Nxe3 24. fxe3 Bxg3 25. Nc6 Ra8 26. Ne7+ Kf8 27. Bxa8 Kxe7 28. b4 Bd6 29. c5 bxc5 30. dxc5 Be5 31. b5 f6 32. b6 Kd7 33. c6+ Kc8 34. c7 Bd6 35. Rc1 Be5 36. b7+ Kd7 37. c8=Q+ Ke7 38. b8=Q Kf7 39.
Qe8# 1-0

[Event "*** Titled Tuesday Blitz"]
[Site "Chess.com"]
[Date "2020.05.05"]
[Round "10"]
[White "Aureliano-Buendia"]
[Black "Fighter008"]
[Result "1-0"]
[WhiteElo "2429"]
[BlackElo "2545"]
[TimeControl "180+1"]
[EndTime "11:56:16 PDT"]
[Termination "Aureliano-Buendia won by resignation"]

1. d4 Nf6 2. c4 g6 3. Nc3 Bg7 4. e4 d6 5. Be2 O-O 6. Bg5 c5 7. d5 e6 8. Qd2 Qb6 9. h4 h5 10. O-O-O Na6 11. g4 hxg4 12. h5 Nb4 13. Bh6 exd5 14.
Bxg7 Kxg7 15. hxg6 fxg6 16. exd5 Bf5 17. a3 Nc2 18. Bd3 Nd4 19. Qh6+ Kf7 20. Bxf5 Nxf5 21.
Qg5 Qb3 22. Nge2 Qxc4 23. Nf4 Rg8 24. Rde1 Nd4 25. Rh7+ 1-0

[Event "*** Titled Tuesday Blitz"]
[Site "Chess.com"]
[Date "2020.05.05"]
[Round "10"]
[White "ezkybel"]
[Black "evgenyermolaev"]
[Result "1-0"]
[WhiteElo "2484"]
[BlackElo "2594"]
[TimeControl "180+1"]
[EndTime "11:56:18 PDT"]
[Termination "ezkybel won by checkmate"]

1. e4 c5 2. Nf3 d6 3. d4 cxd4 4.
Nxd4 Nf6 5. Nc3 a6 6. h3 e6 7. g4 h6 8. Be3 g5 9. Be2 Nbd7 10. Qd2 Ne5 11. O-O-O Ng6 12. Kb1 b5 13. a3 Bb7 14. f3 d5 15. exd5 Nxd5 16. Ndxb5 axb5 17. Bxb5+ Ke7 18. Nxd5+ Bxd5 19. c4 Qa5 20. Bc5+ Kd8 21. Qxa5+ Rxa5 22. Bb6+ Ke7 23. Bxa5 Bxf3 24. Bd8# 1-0

[Event "*** Titled Tuesday Blitz"]
[Site "Chess.com"]
[Date "2020.05.05"]
[Round "10"]
[White "StockholmMissile"]
[Black "cassoulet"]
[Result "0-1"]
[WhiteElo "2428"]
[BlackElo "2608"]
[TimeControl "180+1"]
[EndTime "11:56:19 PDT"]
[Termination "cassoulet won by resignation"]

1. d4 Nf6 2. c4 g6 3. Nc3 Bg7 4. e4 d6 5. h3 O-O 6. Be3 Nbd7 7.
g4 c5 8. d5 a6 9. a4 Qa5 10.
Qd2 b5 11. cxb5 axb5 12. Bxb5 Ba6 13. Bc6 Rab8 14. g5 Rxb2 15. gxf6 Bxf6 16. Rc1 Rxd2 17. Bxd2 Ne5 18. Rc2 Nd3+ 19. Kd1 Nxf2+ 0-1

[Event "*** Titled Tuesday Blitz"]
[Site "Chess.com"]
[Date "2020.05.05"]
[Round "10"]
[White "PSvidler"]
[Black "SGchess01"]
[Result "1-0"]
[WhiteElo "3030"]
[BlackElo "2807"]
[TimeControl "180+1"]
[EndTime "11:56:20 PDT"]
[Termination "PSvidler won by resignation"]

1. e4 e5 2. Nf3 Nc6 3. Bb5 a6 4. Ba4 d6 5. c3 f5 6. exf5 Bxf5 7.
d4 e4 8. Ng5 Be7 9. O-O d5 10.
Nh3 Bxh3 11. Qh5+ g6 12. Qxh3 Nf6 13. f3 Qd7 14. Qxd7+ Kxd7 15. Nd2 b5 16. Bc2 exf3 17. Nxf3 Bd6 18. Bg5 Ne4 19. Bxe4 dxe4 20. Nd2 Rae8 21.
Rae1 h6 22. Bf6 Rhf8 23. Nxe4 a5 24. Bg7 Rxf1+ 25. Kxf1 Re7 26. Nxd6 1-0

[Event "*** Titled Tuesday Blitz"]
[Site "Chess.com"]
[Date "2020.05.05"]
[Round "10"]
[White "manmanlai1"]
[Black "CMS13"]
[Result "1-0"]
[WhiteElo "2338"]
[BlackElo "2185"]
[TimeControl "180+1"]
[EndTime "11:56:20 PDT"]
[Termination "manmanlai1 won by checkmate"]

1. e4 e5 2. Nf3 Nc6 3. Bc4 Nf6 4. d3 Be7 5. O-O O-O 6. Re1 d6 7. a4 Kh8 8. Nc3 Ng8 9. Nd5 f5 10. c3 Bf6 11. b4 Nce7 12. Nxf6 Nxf6 13. h3 Qe8 14. exf5 Bxf5 15. Bb3 Ng6 16. Bg5 Nh5 17. d4 Nhf4 18. dxe5 dxe5 19. h4 e4 20. Nd4 h6 21.
Bxf4 Nxf4 22. Nxf5 Rxf5 23. Qg4 Rf6 24. Bc2 h5 25.
Qg3 Nxg2 26. Rxe4 Qf7 27. Qxg2 Rg6 28. Re8+ Qxe8 29. Qxg6 Qe5 30. Qh7# 1-0

[Event "*** Titled Tuesday Blitz"]
[Site "Chess.com"]
[Date "2020.05.05"]
[Round "10"]
[White "realmadridtv"]
[Black "ChessTraining77"]
[Result "1-0"]
[WhiteElo "2409"]
[BlackElo "2522"]
[TimeControl "180+1"]
[EndTime "11:56:23 PDT"]
[Termination "realmadridtv won by resignation"]

1. d4 Nf6 2. c4 e6 3. g3 Bb4+ 4. Nd2 c5 5. Nf3 Nc6 6. a3 Bxd2+ 7.
Qxd2 cxd4 8. Nxd4 d5 9. Nxc6 bxc6 10. Bg2 O-O 11. O-O Rb8 12. b4 Ba6 13. cxd5 cxd5 14.
Bb2 Bc4 15. Rac1 Rc8 16. Rfe1 Qe7 17. Bd4 Rfd8 18. Bc5 Qe8 19. Bxa7 Ra8 20. Bb6 Rdb8 21. Rxc4 Rxb6 22. Rc3 Rba6 23. Qb2 h6 24. h3 Qb5 25. Rec1 Qb7 26. Kh2 Qa7 27. b5 Rxa3 28. b6 1-0

[Event "*** Titled Tuesday Blitz"]
[Site "Chess.com"]
[Date "2020.05.05"]
[Round "10"]
[White "jonaszmb"]
[Black "CaptainTheTT"]
[Result "1-0"]
[WhiteElo "2509"]
[BlackElo "2244"]
[TimeControl "180+1"]
[EndTime "11:56:28 PDT"]
[Termination "jonaszmb won by checkmate"]

1. d4 d5 2. c4 c6 3. Nf3 Nf6 4. e3 e6 5. Nbd2 Be7 6. Bd3 O-O 7. O-O Nbd7 8. e4 dxe4 9. Nxe4 b6 10. Qe2 Bb7 11. Bg5 h6 12. Bxf6 Nxf6 13. Rad1 Qc7 14. c5 Rad8 15. b4 Nd5 16. a3 bxc5 17. Nxc5 Nc3 18. Qe3 Nxd1 19. Qe4 Bc8 20. Qh7# 1-0

[Event "*** Titled Tuesday Blitz"]
[Site "Chess.com"]
[Date "2020.05.05"]
[Round "10"]
[White "mirceaparligras"]
[Black "Djager97"]
[Result "0-1"]
[WhiteElo "2614"]
[BlackElo "2491"]
[TimeControl "180+1"]
[EndTime "11:56:30 PDT"]
[Termination "Djager97 won by checkmate"]

1. e4 e6 2. d4 d5 3. Nc3 Nf6 4. e5 Nfd7 5. f4 c5 6. Nf3 Nc6 7. Be3 cxd4 8. Nxd4 Bc5 9. Qd2 O-O 10. O-O-O a6 11.
Kb1 Nxd4 12. Bxd4 b5 13. Qf2 Qc7 14. Bd3 b4 15. Ne2 Be7 16. h4 a5 17. h5 Ba6 18.
Rh3 Rfc8 19. Rc1 a4 20. g4 Nc5 21. Bxa6 Rxa6 22. f5 Ne4 23. Qe3 Rc6 24. f6 Rxc2 25. fxe7 Rxc1+ 26. Nxc1 Qc2+ 27. Ka1 Qxc1+ 28. Qxc1 Rxc1# 0-1

[Event "*** Titled Tuesday Blitz"]
[Site "Chess.com"]
[Date "2020.05.05"]
[Round "10"]
[White "Nikolaj_6"]
[Black "okriak"]
[Result "0-1"]
[WhiteElo "2632"]
[BlackElo "2807"]
[TimeControl "180+1"]
[EndTime "11:56:31 PDT"]
[Termination "okriak won by resignation"]

1. e4 Nc6 2. Nf3 e5 3. Bb5 a6 4. Ba4 Nf6 5. Qe2 b5 6. Bb3 Be7 7. a4 Rb8 8. axb5 axb5 9. d4 d6 10. c3 O-O 11. d5 Bd7 12. dxc6 Bxc6 13. O-O Nxe4 14. Rd1 Qc8 15. Nbd2 Nf6 16. Nf1 Qb7 17. Ng3 Rfe8 18. Bg5 Nd5 19. Bxd5 Bxd5 20. Bxe7 Rxe7 21. Nf5 Re6 22. Ne3 Bc6 23. b4 Rf6 24. Nd2 Rg6 25. f3 Rf8 26. Nb3 Bxf3 27. Qd3 Bxg2 0-1

[Event "*** Titled Tuesday Blitz"]
[Site "Chess.com"]
[Date "2020.05.05"]
[Round "10"]
[White "AsaHoffmann"]
[Black "Boninknights"]
[Result "1-0"]
[WhiteElo "2372"]
[BlackElo "2166"]
[TimeControl "180+1"]
[EndTime "11:56:40 PDT"]
[Termination "AsaHoffmann won by resignation"]

1. d4 c6 2. Bg5 Qa5+ 3. Bd2 Qb6 4. Nf3 Qxb2 5. Nc3 Qb6 6. e4 d6 7. Bc4 e6 8. O-O d5 9. Rb1 Qc7 10. exd5 exd5 11. Bxd5 cxd5 12. Nxd5 Qd8 13. c4 Bd6 14. c5 Bxh2+ 15. Kxh2 Qxd5 16. Bf4 Qh5+ 17. Kg1 Ne7 18. Re1 Be6 19. Rxb7 Nbc6 20. Bd6 Nd5 21. Qa4 Rc8 22. Ne5 1-0

[Event "*** Titled Tuesday Blitz"]
[Site "Chess.com"]
[Date "2020.05.05"]
[Round "10"]
[White "AlanZhang"]
[Black "misteralmeidM"]
[Result "0-1"]
[WhiteElo "2143"]
[BlackElo "1768"]
[TimeControl "180+1"]
[EndTime "11:56:40 PDT"]
[Termination "misteralmeidM won by checkmate"]

1. e4 d6 2. d4 Nf6 3. Nc3 e5 4. f3 Nbd7 5. Be3 Be7 6. Qd2 O-O 7. g4 exd4 8. Bxd4 Ne5 9. O-O-O c5 10. Be3 Be6 11. Nd5 Nxd5 12. exd5 Bd7 13. h3 b5 14.
f4 Nc4 15. Bxc4 bxc4 16. Nf3 f5 17. g5 Rb8 18. h4 Qb6 19. c3 Qa5 20. Kb1 Rfe8 21.
h5 Rb6 22. Ka1 Ba4 23. Rb1 Bc2 24. Qxc2 Qxa2+ 25. Kxa2 Ra6+ 26. Qa4 Rxa4# 0-1

[Event "*** Titled Tuesday Blitz"]
[Site "Chess.com"]
[Date "2020.05.05"]
[Round "10"]
[White "wanyaland"]
[Black "Maksimus1998"]
[Result "0-1"]
[WhiteElo "2322"]
[BlackElo "2470"]
[TimeControl "180+1"]
[EndTime "11:56:42 PDT"]
[Termination "Maksimus1998 won by resignation"]

1. d4 Nf6 2. c4 e6 3. Nf3 d5 4. g3 Bb4+ 5. Nc3 dxc4 6. Qa4+ Nc6 7. Ne5 Bd7 8. Nxd7 Qxd7 9. Bg2 Nxd4 10. Qd1 c6 11.
O-O Rd8 12. e4 O-O 13. e5 Ne8 14. Ne4 Qc7 15. Qh5 g6 16. Qh4 Be7 17. Bg5 Bxg5 18.
Qxg5 Nf5 19. g4 h6 20. Qh4 Nxh4 0-1

[Event "*** Titled Tuesday Blitz"]
[Site "Chess.com"]
[Date "2020.05.05"]
[Round "10"]
[White "Jumbo"]
[Black "Vuk2000"]
[Result "1-0"]
[WhiteElo "2865"]
[BlackElo "2637"]
[TimeControl "180+1"]
[EndTime "11:56:43 PDT"]
[Termination "Jumbo won by resignation"]

1. d4 Nf6 2. Bf4 e6 3. e3 d5 4. Nd2 Bd6 5. Bg3 O-O 6. c4 b6 7. Ngf3 Ba6 8. Be2 c5 9. O-O Nc6 10. cxd5 Bxe2 11. Qxe2 Nxd5 12. dxc5 Bxc5 13. Rac1 Rc8 14.
Rfd1 Bd6 15. Nc4 Bxg3 16. hxg3 Qe7 17. e4 Nf6 18. e5 Nd5 19. Nd6 Rc7 20. Rc4 Rd8 21. Nb5 Rcc8 22. Rdc1 Qd7 23. Nd6 Rc7 24. Qc2 Nde7 25. Ng5 g6 26. Nge4 1-0

[Event "*** Titled Tuesday Blitz"]
[Site "Chess.com"]
[Date "2020.05.05"]
[Round "10"]
[White "Ladislav1969"]
[Black "LizaSolovyova"]
[Result "0-1"]
[WhiteElo "2350"]
[BlackElo "2535"]
[TimeControl "180+1"]
[EndTime "11:56:43 PDT"]
[Termination "LizaSolovyova won by resignation"]

1. e4 e5 2. Bc4 d6 3. Nc3 c6 4.
Nf3 h6 5. d4 Qe7 6. O-O Nf6 7. Re1 Qc7 8. a4 a5 9. b3 Bg4 10. dxe5 dxe5 11. h3 Bh5 12. g4 Bg6 13. Nh4 Nbd7 14. Nxg6 fxg6 15. Qe2 O-O-O 16. Be6 Bb4 17.
Bd2 Kb8 18. Nb1 Nc5 19. Bxb4 Nxe6 20. Bc3 Nf4 21. Qe3 g5 22. Qc5 Nd7 23. Qxa5 Nxh3+ 24. Kh2 Nxf2 25. Qxc7+ Kxc7 26. Kg3 Rhf8 27. Re2 Nd1 28. Bb2 Nxb2 29. Nc3 Nc5 30. Rb1 Nbd3 31. b4 Nf4 0-1

[Event "*** Titled Tuesday Blitz"]
[Site "Chess.com"]
[Date "2020.05.05"]
[Round "10"]
[White "51616516516"]
[Black "Ranindu2003"]
[Result "1-0"]
[WhiteElo "2295"]
[BlackElo "2455"]
[TimeControl "180+1"]
[EndTime "11:56:46 PDT"]
[Termination "51616516516 won by resignation"]

1. d4 Nf6 2. c4 e6 3. Nc3 d5 4.
cxd5 exd5 5. Bg5 Be7 6. e3 c6 7. Qc2 Nbd7 8. Bd3 Nh5 9. Bxe7 Qxe7 10. O-O-O g6 11. Kb1 Nb6 12. h3 Be6 13. Nf3 Ng7 14. g4 O-O-O 15. Na4 Qc7 16. Nc5 Rhe8 17. Rc1 Kb8 18.
Qb3 h5 19. Ne5 f6 20. Nxc6+ Ka8 21. Nxd8 Qxd8 22. Bxg6 Rg8 23. Nxe6 Nxe6 24. Bf7 Nc4 25. Rxc4 dxc4 26. Qxc4 1-0

[Event "*** Titled Tuesday Blitz"]
[Site "Chess.com"]
[Date "2020.05.05"]
[Round "10"]
[White "WiktoriaPOL"]
[Black "Karina_Ivanova"]
[Result "0-1"]
[WhiteElo "2023"]
[BlackElo "2178"]
[TimeControl "180+1"]
[EndTime "11:56:47 PDT"]
[Termination "Karina_Ivanova won by resignation"]

1. c4 Nf6 2. Nc3 c5 3. Nf3 e6 4. e4 d6 5. d4 cxd4 6. Nxd4 Be7 7. Be2 O-O 8. Be3 Nc6 9. Qd2 Bd7 10. O-O a6 11. Rad1 Qc7 12. f4 Rfd8 13. f5 e5 14. Nc2 Rac8 15. Nd5 Nxd5 16. cxd5 Na5 17. Rc1 Nc4 18. Bxc4 Qxc4 19. b3 Qxe4 20. Bg5 Bxg5 21.
Qxg5 f6 22. Qd2 Bxf5 23. Rfe1 Qd3 24. Qxd3 Bxd3 25. Ne3 f5 26. Rcd1 Be4 27. g4 f4 28.
Nc4 Bf3 29. Rc1 Bxd5 30. Nb6 Rxc1 31. Rxc1 Bc6 32. Nc4 Kf7 33. Rd1 Ke7 34. Kf2 e4 35. Re1 e3+ 36. Ke2 d5 37. Ne5 d4 38. Nd3 g5 39. h4 f3+ 40. Kd1 h6 41. hxg5 hxg5 42. Ne5 f2 43. Rf1 Bg2 44. Ke2 Bxf1+ 45. Kxf1 d3 0-1

[Event "*** Titled Tuesday Blitz"]
[Site "Chess.com"]
[Date "2020.05.05"]
[Round "10"]
[White "binbin239"]
[Black "SHIVACalypso"]
[Result "1-0"]
[WhiteElo "2439"]
[BlackElo "2291"]
[TimeControl "180+1"]
[EndTime "11:56:48 PDT"]
[Termination "binbin239 won by resignation"]

1. d4 e6 2. c4 Nf6 3. Nf3 d5 4. g3 Be7 5. Bg2 O-O 6. O-O dxc4 7. Ne5 Nc6 8. Nxc6 bxc6 9. Na3 Bxa3 10. bxa3 Rb8 11.
Qa4 Qxd4 12. Be3 Qd6 13. Qxa7 Rb7 14. Qa4 Nd5 15. Rfd1 Qe5 16. Bd4 Qxe2 17. Qxc6 Rb8 18. Rac1 Bb7 19. Qxc4 Qxc4 20. Rxc4 Ba6 21. Rcc1 Rfd8 22.
Be5 Rd7 23. h3 f6 24. Bd4 Be2 25. Re1 Bc4 26. Rxc4 1-0

[Event "*** Titled Tuesday Blitz"]
[Site "Chess.com"]
[Date "2020.05.05"]
[Round "10"]
[White "SARGISMV"]
[Black "yoolund"]
[Result "1-0"]
[WhiteElo "2462"]
[BlackElo "2551"]
[TimeControl "180+1"]
[EndTime "11:56:51 PDT"]
[Termination "SARGISMV won by resignation"]

1. Nf3 Nf6 2. c4 b6 3. Nc3 Bb7 4.
g3 e6 5. Bg2 Be7 6. O-O O-O 7.
Re1 Ne4 8. Nxe4 Bxe4 9. d3 Bb7 10.
e4 Bb4 11. Bd2 Bxd2 12. Qxd2 d6 13. d4 Nd7 14. Rad1 Qe7 15. h4 a5 16. e5 Bxf3 17. Bxf3 Rad8 18. exd6 Qxd6 19. Qc3 Qb4 20. Qc2 Nf6 21. a3 Qd6 22. Qc3 c5 23. dxc5 Qxc5 24.
b4 Qc7 25. c5 Rxd1 26. Rxd1 Rc8 27. c6 axb4 28. axb4 h5 29. b5 Ra8 30. Qd4 Kh7 31. Kg2 Ra5 32. Qd8 Qxd8 33. Rxd8 Rxb5 1-0

[Event "*** Titled Tuesday Blitz"]
[Site "Chess.com"]
[Date "2020.05.05"]
[Round "10"]
[White "LiderChessAcademy"]
[Black "rakshi2005"]
[Result "1-0"]
[WhiteElo "2446"]
[BlackElo "2298"]
[TimeControl "180+1"]
[EndTime "11:56:56 PDT"]
[Termination "LiderChessAcademy won by checkmate"]

1. d4 Nf6 2. Bg5 e6 3. e4 h6 4. Bxf6 Qxf6 5. c3 d5 6. Qe2 Qd8 7. Nd2 Be7 8. O-O-O a6 9. Ngf3 b5 10. Kb1 Nc6 11. exd5 Qxd5 12. g3 b4 13. c4 Qf5+ 14. Ka1 Bb7 15. Bg2 Qf6 16. Ne5 Nxd4 17. Bxb7 Nxe2 18.
Bc6+ Kf8 19. Nd7+ Kg8 20. Nxf6+ gxf6 21. Bxa8 Kg7 22. Be4 Nd4 23. Nb3 Nxb3+ 24. axb3 a5 25. Bc6 Rb8 26. Rd7 Bd6 27. Rd1 f5 28. f4 Kf6 29. c5 Bf8 30. Rxc7 Bxc5 31. Rdd7 a4 32. Rxf7+ Kg6 33. Rg7+ Kh5 34. Bf3# 1-0

[Event "*** Titled Tuesday Blitz"]
[Site "Chess.com"]
[Date "2020.05.05"]
[Round "10"]
[White "nickmatta"]
[Black "crossingthestreet"]
[Result "1-0"]
[WhiteElo "2441"]
[BlackElo "2296"]
[TimeControl "180+1"]
[EndTime "11:57:01 PDT"]
[Termination "nickmatta won by resignation"]

1. d4 Nf6 2. c4 e6 3. Nc3 c5 4.
d5 d6 5. Nf3 g6 6. e4 Bg7 7. Bd3 O-O 8. h3 Na6 9. O-O Nc7 10. a4 e5 11. Be3 Nh5 12. Re1 Nf4 13. Bf1 f5 14. Bxf4 exf4 15. e5 dxe5 16. Nxe5 Qd6 17. Nd3 Bd7 18. Qd2 g5 19. Nb5 Nxb5 20. axb5 f3 21. Qxg5 fxg2 22. Bxg2 Rf6 23. Nf4 Kh8 24. Nh5 Rg6 25. Qe7 Rxg2+ 26. Kxg2 Qg6+ 27. Ng3 f4 28. Qxd7 fxg3 29. Re6 gxf2+ 30. Rxg6 1-0